 Dungeon Crawl Stone Soup version 0.23-a0-356-g1757c6e (webtiles) character file.

199 Cryolive the Digger (level 5, -3/28 HPs)
             Began as a Gargoyle Earth Elementalist on Oct 21, 2018.
             Killed from afar by Sigmund (7 damage)
             ... with a magic dart
             ... on level 3 of the Dungeon.
             The game lasted 00:15:08 (2083 turns).

Cryolive the Digger (Gargoyle Earth Elementalist)   Turns: 2083, Time: 00:15:08

Health: -3/28      AC:  6    Str: 12    XL:     5   Next: 77%
Magic:  10/11      EV: 12    Int: 16    God:
Gold:   236        SH:  0    Dex: 10    Spells: 11/12 levels left

rFire    . . .     SeeInvis .   n - +2 war axe (elec)
rCold    . . .     Gourm    .   (no shield)
rNeg     + . .     Faith    .   c - +0 robe
rPois    ∞         Spirit   .   (no helmet)
rElec    +         Reflect  .   (no cloak)
rCorr    .         Harm     .   (no gloves)
MR       .....                  (no boots)
Stlth    ++........             (no amulet)
HPRegen  0.09/turn              (no ring)
MPRegen  0.12/turn              (no ring)

@: flying
A: negative energy resistance 1, electricity resistance, unbreathing,
petrification resistance, rot immunity, AC +4
a: no special abilities


You were on level 3 of the Dungeon.
You were hungry.

You visited 1 branch of the dungeon, and saw 3 of its levels.

You collected 236 gold pieces.

Inventory:

Hand Weapons
 n - a +2 war axe of electrocution (weapon)
Missiles
 b - 63 stones (quivered)
Armour
 c - a +0 robe (worn)
Scrolls
 e - 3 scrolls of identify
 f - a scroll of blinking {unknown}
 g - 2 scrolls of fog {unknown}
 i - 2 scrolls of immolation {unknown}
 j - a scroll of magic mapping {unknown}
 k - 2 scrolls of remove curse {unknown}
Potions
 a - a potion of curing {unknown}
 h - a potion of heal wounds {unknown}
 l - a potion of flight
 m - a potion of agility
 o - a potion of ambrosia {unknown}
Comestibles
 d - 4 rations


   Skills:
 - Level 1.5 Dodging
 - Level 2.1 Stealth
 + Level 4.0 Spellcasting
   Level 0.7 Transmutations
 + Level 5.9 Earth Magic


You had 11 spell levels left.
You knew the following spells:

 Your Spells              Type           Power        Failure   Level  Hunger
a - Sandblast             Erth           ###...       1%          1    None

Your spell library contained the following spells:

 Spells                   Type           Power        Failure   Level  Hunger
 Passwall                 Tmut/Erth      ##......     6%          2    ##.....
 Stone Arrow              Conj/Erth      ##....       16%         3    ###....
 Petrify                  Tmut/Erth      ##......     38%         4    ####...
 Lee's Rapid Deconstruct  Erth           ###.......   38%         5    ######.


Dungeon Overview and Level Annotations

Branches:
Dungeon (3/15)

Altars:
Dithmenos
Fedhas
Nemelex Xobeh
Okawaru
Uskayaw
Zin

Annotations:
D:3 Sigmund


Innate Abilities, Weirdness & Mutations

You are resistant to torment.
Your stone body is resilient. (AC +4)
You are immune to poison.
You resist negative energy. (rN+)
You are resistant to electric shocks. (rElec)
You can survive without breathing.
You are immune to petrification.
You are immune to rotting.


Message History

Somethin' tries ta affect ye, but ye resist.
Ye hear some strange, mumbled words.
Somethin' tries ta affect ye, but ye resist.
A puff o' flame appears from outta thin air!
Tha puff o' flame hits ye!
Found a stone staircase leadin' up.
Somethin' hits ye!
* * * LOW HITPOINT WARNIN'
* * * It was a potion o' flight.
Ye feel very buoyant.
Ye fly up inta tha air.
Somethin' hits ye.
* * * LOW HITPOINT WARNIN'
* * * Somethin' hits ye but does nay damage.
Yer magical contamination has completely faded away.
Somethin' tries ta affect ye, but ye resist.
A magic dart appears from outta thin air!
Tha magic dart hits ye!
A magic dart appears from outta thin air!
Tha magic dart hits ye!
Ye die...

#####..............#
......##############
##...## #...# #...#
#...# #...#
##...###############
#...............@..#
#
#..........{######.#
#...######..# #
#..###..##..#
#.###.......# #.#
#.##...#....# #..
... #.#....##..##
#.# .. #.#..##(##.#
####.###.#
##..##.#.##
#.<..##..


There were no monsters in sight!

Vanquished Creatures
  Natasha (thrice) (D:2)
  6 adders
  A dart slug (D:2)
  2 leopard geckos (D:2)
  3 orcs (D:3)
  2 ball pythons
  2 giant cockroaches
  13 hobgoblins
  4 jackals
  3 bats
  4 frilled lizards
  11 goblins
  4 kobolds
  4 rats
62 creatures vanquished.

Notes
Turn   | Place    | Note
-------+----------+-------------------------------------------
     0 | D:1      | Cryolive the Gargoyle Earth Elementalist began the quest
                  | for the Orb.
     0 | D:1      | Reached XP level 1. HP: 10/10 MP: 3/3
   280 | D:1      | Reached XP level 2. HP: 6/15 MP: 1/5
   283 | D:1      | Reached skill level 4 in Earth Magic
   741 | D:2      | Found a sparkling altar of Nemelex Xobeh.
   805 | D:2      | Reached XP level 3. HP: 11/19 MP: 5/7
   930 | D:2      | Reached XP level 4. HP: 6/24 MP: 6/8
  1010 | D:2      | Noticed Natasha
  1030 | D:2      | Killed Natasha
  1030 | D:2      | Reached skill level 5 in Earth Magic
  1045 | D:2      | Noticed Natasha
  1064 | D:2      | Killed Natasha
  1167 | D:2      | Reached XP level 5. HP: 15/28 MP: 10/10
  1201 | D:2      | Noticed Natasha
  1207 | D:2      | Killed Natasha
  1246 | D:2      | Found an iron altar of Okawaru.
  1522 | D:2      | Found a hide-covered altar of Uskayaw.
  1562 | D:2      | Found a blossoming altar of Fedhas.
  1661 | D:2      | Found a glowing silver altar of Zin.
  2043 | D:3      | Found a shadowy altar of Dithmenos.
  2043 | D:3      | Noticed Sigmund
  2083 | D:3      | Killed from afar by Sigmund

Vault maps used:
D:1:      scummos_arrival_hexagon
D:2:      okawaru_trees_2, zin_treasury, nemelex_altar_shiori,
          fedhas_ov_isle_minmay, lemuel_doored_altar, uniq_natasha
D:3:      nicolae_dithmenos_shadow_blocks, minmay_cupped, uniq_sigmund,
          uniq_terence

Skill      XL: |  1  2  3  4  5 |
---------------+----------------+-----
Earth Magic    | 4 5 |  5.9
Spellcasting   | 3 4 |  4.0
Dodging        | |  1.5
Stealth        | |  2.1
Transmutations | |  0.7

Action                   |  1- 3 |  4- 6 || total
-------------------------+-------+-------++-------
Melee: Club              |    88 |    19 ||   107
       Spear             |       |    65 ||    65
       War axe           |       |    17 ||    17
 Cast: Sandblast         |    11 |    30 ||    41
  Use: Scroll            |       |     1 ||     1
       Potion            |       |     1 ||     1
 Stab: Sleeping          |       |     2 ||     2
  Eat: Ration            |       |     1 ||     1
Armor: Robe              |    27 |    40 ||    67
Dodge: Dodged            |    69 |    68 ||   137

Table legend:
 A = Non-vault XP
 B = Vault XP
 C = Vault XP percentage of total XP
 D = Non-vault monster count
 E = Vault monster count
 F = Vault count percentage of total count
                 A         B        C        D         E       F
            +---------+---------+-------+---------+---------+-------
      Total |     243 |      42 |  14.7 |      57 |       5 |   8.1
            +---------+---------+-------+---------+---------+-------
        D:1 |      22 |       0 |   0.0 |      13 |       0 |   0.0
        D:2 |     176 |      35 |  16.6 |      33 |       1 |   2.9
        D:3 |      45 |       7 |  13.5 |      11 |       4 |  26.7
            +---------+---------+-------+---------+---------+-------
